| TOP OF THE 1ST |
|
San Francisco (APP) Giants batting - Pitching for Missoula Osprey : RHP Victor Cisneros
|
|
Pitching: RHP Victor Cisneros
|
|
|
Batting: LHB Eddie Lemus
|
0-0: Called Strike 0-1: Foul Ball, location: 2F 0-2: Ball 1-2: Ball 2-2: Fly out, F8 (Flyball, 8LD, EV 95.6 MPH)
|
|
Batting: RHB Noe Oliva
|
0-0: Ball 1-0: Swinging Strike 1-1: Ground out 1-3 (Groundball, 13S, EV 68.8 MPH)
|
|
Batting: RHB Ricky Aguilar
|
0-0: Ball 1-0: Ball 2-0: Foul Ball, location: 2F 2-1: SINGLE (Line Drive, 7LS, EV 92.5 MPH)
|
|
Batting: LHB Kuan Hsia
|
0-0: Called Strike 0-1: Foul Ball, location: 2F 0-2: Strikes out swinging
|
| Top of the 1st over - 0 runs, 1 hit, 0 errors, 1 left on base; San Francisco (APP) 0 - Missoula 0 |
| BOTTOM OF THE 1ST |
|
Missoula Osprey batting - Pitching for San Francisco (APP) Giants : RHP Corey Foster
|
|
Pitching: RHP Corey Foster
|
|
|
Batting: RHB Mike Smith
|
0-0: Called Strike 0-1: Ground out U3 (Groundball, 34, EV 103.8 MPH)
|
|
Batting: RHB Hector Tabares
|
0-0: Fly out, F9 (Flyball, 9LD, EV 86.2 MPH)
|
|
Batting: LHB Danny Salas
|
0-0: Called Strike 0-1: Called Strike 0-2: Ball 1-2: Strikes out swinging
|
| Bottom of the 1st over - 0 runs, 0 hits, 0 errors, 0 left on base; San Francisco (APP) 0 - Missoula 0 |
| TOP OF THE 2ND |
|
San Francisco (APP) Giants batting - Pitching for Missoula Osprey : RHP Victor Cisneros
|
|
Batting: RHB Chris Kulik
|
0-0: Foul Ball, location: 2F 0-1: Foul Ball, location: 2F 0-2: Ball 1-2: Hit by Pitch
|
|
Batting: RHB Azeem bin Zuhair
|
0-0: Ball 1-0: Foul Ball, location: 2F 1-1: Swinging Strike 1-2: Strikes out swinging
|
|
Batting: RHB Jonathan Hemsley
|
0-0: Ball 1-0: Ball 2-0: Ball 3-0: Base on Balls Chris Kulik to second
|
|
Batting: SHB Cedric Sweep
|
0-0: Called Strike 0-1: Swinging Strike 0-2: Ball 1-2: Ball 2-2: Ball 3-2: Foul Ball, location: 2F 3-2: Base on Balls Chris Kulik to third Jonathan Hemsley to second
|
|
Batting: RHB Rúbem Trancoso
|
0-0: Fly out, F8 (Flyball, 8RD, EV 94.4 MPH) Runner from 3rd tags up, SCORES, throw by CF Jonathan Hemsley to third
|
|
Batting: LHB Eddie Lemus
|
0-0: Ball 1-0: Ground out 1-3 (Groundball, 34S, EV 70.0 MPH)
|
| Top of the 2nd over - 1 run, 0 hits, 0 errors, 2 left on base; San Francisco (APP) 1 - Missoula 0 |
| BOTTOM OF THE 2ND |
|
Missoula Osprey batting - Pitching for San Francisco (APP) Giants : RHP Corey Foster
|
|
Batting: LHB Ron Mills
|
0-0: Called Strike 0-1: Called Strike 0-2: Ball 1-2: Strikes out looking
|
|
Batting: RHB Jimmy McIntosh
|
0-0: Called Strike 0-1: Ball 1-1: Fly out, F6 (Flyball, 56D, EV 96.2 MPH)
|
|
Batting: RHB Claude Leduc
|
0-0: Foul Ball, location: 2F 0-1: Called Strike 0-2: Ball 1-2: Foul Ball, location: 2F 1-2: Ball 2-2: Strikes out swinging
|
| Bottom of the 2nd over - 0 runs, 0 hits, 0 errors, 0 left on base; San Francisco (APP) 1 - Missoula 0 |
| TOP OF THE 3RD |
|
San Francisco (APP) Giants batting - Pitching for Missoula Osprey : RHP Victor Cisneros
|
|
Batting: RHB Noe Oliva
|
0-0: Ball 1-0: Called Strike 1-1: Swinging Strike 1-2: Strikes out swinging
|
|
Batting: RHB Ricky Aguilar
|
0-0: Ball 1-0: Ball 2-0: Called Strike 2-1: Ball 3-1: Base on Balls
|
|
Batting: LHB Kuan Hsia
|
0-0: Ball 1-0: Called Strike 1-1: Hit by Pitch Ricky Aguilar to second
|
|
Batting: RHB Chris Kulik
|
0-0: Foul Ball, location: 2F 0-1: Foul Ball, location: 2F 0-2: Ball 1-2: Ball 2-2: Strikes out swinging
|
|
Batting: RHB Azeem bin Zuhair
|
0-0: Called Strike 0-1: Swinging Strike 0-2: Ball 1-2: Ball 2-2: Ball 3-2: Strikes out swinging
|
| Top of the 3rd over - 0 runs, 0 hits, 0 errors, 2 left on base; San Francisco (APP) 1 - Missoula 0 |
| BOTTOM OF THE 3RD |
|
Missoula Osprey batting - Pitching for San Francisco (APP) Giants : RHP Corey Foster
|
|
Batting: RHB Juan Mejia
|
0-0: Ball 1-0: Ball 2-0: Ground out 6-3 (Groundball, 6, EV 102.5 MPH)
|
|
Batting: RHB Jose Cuellar
|
0-0: Called Strike 0-1: Swinging Strike 0-2: Foul Ball, location: 2F 0-2: Ball 1-2: Foul Ball, location: 2F 1-2: Foul Ball, location: 2F 1-2: Ball 2-2: Foul Ball, location: 2F 2-2: Ball 3-2: DOUBLE (Groundball, 5L, EV 101.9 MPH)
|
|
Batting: RHB Isaiah Hampton
|
0-0: DOUBLE (Groundball, 3L, EV 109.4 MPH) Jose Cuellar scores
|
|
Batting: RHB Mike Smith
|
0-0: Ball 1-0: Ball 2-0: DOUBLE (Flyball, 8LD, EV 86.9 MPH) Isaiah Hampton scores
|
|
Batting: RHB Hector Tabares
|
0-0: Ball 1-0: Called Strike 1-1: Fly out, F8 (Flyball, 78D, EV 83.1 MPH)
|
|
Batting: LHB Danny Salas
|
0-0: Ball 1-0: Swinging Strike 1-1: Ball 2-1: Ball 3-1: Swinging Strike 3-2: Strikes out swinging
|
| Bottom of the 3rd over - 2 runs, 3 hits, 0 errors, 1 left on base; San Francisco (APP) 1 - Missoula 2 |
| TOP OF THE 4TH |
|
San Francisco (APP) Giants batting - Pitching for Missoula Osprey : RHP Victor Cisneros
|
|
Batting: RHB Jonathan Hemsley
|
0-0: Swinging Strike 0-1: Ball 1-1: Ball 2-1: Ball 3-1: Fly out, F8 (Flyball, 78XD, EV 99.4 MPH)
|
|
Batting: SHB Cedric Sweep
|
0-0: Called Strike 0-1: Swinging Strike 0-2: Hit by Pitch
|
|
Batting: RHB Rúbem Trancoso
|
0-0: Ball 1-0: Swinging Strike 1-1: Ball Cedric Sweep steals 2nd base 2-1: Foul Ball, location: 2F 2-2: Ball 3-2: Strikes out swinging
|
|
Batting: LHB Eddie Lemus
|
0-0: Called Strike 0-1: Ball 1-1: Called Strike 1-2: Ball 2-2: Strikes out swinging, 2-3 out at first.
|
| Top of the 4th over - 0 runs, 0 hits, 0 errors, 1 left on base; San Francisco (APP) 1 - Missoula 2 |
| BOTTOM OF THE 4TH |
|
Missoula Osprey batting - Pitching for San Francisco (APP) Giants : RHP Corey Foster
|
|
Batting: LHB Ron Mills
|
0-0: Foul Ball, location: 2F 0-1: Called Strike 0-2: Strikes out swinging
|
|
Batting: RHB Jimmy McIntosh
|
0-0: Called Strike 0-1: SINGLE (Line Drive, 6MD, EV 95.6 MPH)
|
|
Batting: RHB Claude Leduc
|
0-0: Ball 1-0: Foul Ball, location: 2F 1-1: Ball 2-1: Foul Ball, location: 2F 2-2: Foul Ball, location: 2F 2-2: Fly out, F8 (Flyball, 78D, EV 90.0 MPH)
|
|
Batting: RHB Juan Mejia
|
0-0: Swinging Strike 0-1: Ball 1-1: Called Strike 1-2: Strikes out looking
|
| Bottom of the 4th over - 0 runs, 1 hit, 0 errors, 1 left on base; San Francisco (APP) 1 - Missoula 2 |
| TOP OF THE 5TH |
|
San Francisco (APP) Giants batting - Pitching for Missoula Osprey : RHP Victor Cisneros
|
|
Batting: RHB Noe Oliva
|
0-0: Fly out, F9 (Flyball, 89S, EV 95.0 MPH)
|
|
Batting: RHB Ricky Aguilar
|
0-0: Called Strike 0-1: Called Strike 0-2: Strikes out swinging
|
|
Batting: LHB Kuan Hsia
|
0-0: Swinging Strike 0-1: Foul Ball, location: 2F 0-2: Strikes out swinging
|
| Top of the 5th over - 0 runs, 0 hits, 0 errors, 0 left on base; San Francisco (APP) 1 - Missoula 2 |
| BOTTOM OF THE 5TH |
|
Missoula Osprey batting - Pitching for San Francisco (APP) Giants : RHP Corey Foster
|
|
Batting: RHB Jose Cuellar
|
0-0: Called Strike 0-1: Bunt missed! 0-2: SINGLE (Line Drive, 4D, EV 110.0 MPH)
|
|
Batting: RHB Isaiah Hampton
|
0-0: Ball 1-0: Ball 2-0: Reached on error, E5 (Groundball, 56S, EV 63.8 MPH) Jose Cuellar to third
|
|
Batting: RHB Mike Smith
|
0-0: Ball 1-0: Ball 2-0: Ball 3-0: Called Strike 3-1: Called Strike 3-2: Base on Balls
|
|
Batting: RHB Hector Tabares
|
0-0: Called Strike 0-1: Fly out, F7 (Flyball, 78M, EV 88.1 MPH)
|
|
Batting: LHB Danny Salas
|
0-0: Called Strike 0-1: Ball 1-1: Foul Ball, location: 2F 1-2: Foul Ball, location: 2F 1-2: Ball 2-2: Ball 3-2: Foul Ball, location: 2F 3-2: Strikes out swinging
|
|
Pitching: RHP Sam Green
|
|
|
Batting: LHB Ron Mills
|
0-0: Ball 1-0: Ball 2-0: Fly out, F6 (Popup, 4MD, EV 52.5 MPH)
|
| Bottom of the 5th over - 0 runs, 1 hit, 1 error, 3 left on base; San Francisco (APP) 1 - Missoula 2 |
| TOP OF THE 6TH |
|
San Francisco (APP) Giants batting - Pitching for Missoula Osprey : RHP Victor Cisneros
|
|
Batting: RHB Chris Kulik
|
0-0: Ball 1-0: Fly out, F9 (Flyball, 89M, EV 91.9 MPH)
|
|
Batting: RHB Azeem bin Zuhair
|
0-0: Foul Ball, location: 2F 0-1: Ball 1-1: Foul Ball, location: 2F 1-2: Strikes out swinging
|
|
Batting: RHB Jonathan Hemsley
|
0-0: Ball 1-0: Ball 2-0: Fly out, F8 (Line Drive, 8LD, EV 86.9 MPH)
|
| Top of the 6th over - 0 runs, 0 hits, 0 errors, 0 left on base; San Francisco (APP) 1 - Missoula 2 |
| BOTTOM OF THE 6TH |
|
Missoula Osprey batting - Pitching for San Francisco (APP) Giants : RHP Sam Green
|
|
Batting: RHB Jimmy McIntosh
|
0-0: Ball 1-0: Ball 2-0: Called Strike 2-1: Called Strike 2-2: Foul Ball, location: 2F 2-2: Strikes out swinging
|
|
Batting: RHB Claude Leduc
|
0-0: Ball 1-0: Ball 2-0: Ball 3-0: Called Strike 3-1: Base on Balls
|
|
Batting: RHB Juan Mejia
|
0-0: Ball 1-0: Ball 2-0: Ball 3-0: Base on Balls Claude Leduc to second
|
|
Batting: RHB Jose Cuellar
|
0-0: Called Strike 0-1: Swinging Strike 0-2: Strikes out swinging
|
|
Batting: RHB Isaiah Hampton
|
0-0: Called Strike 0-1: Fielders Choice at 2nd, 5-4 (Groundball, 56, EV 83.1 MPH)
|
| Bottom of the 6th over - 0 runs, 0 hits, 0 errors, 2 left on base; San Francisco (APP) 1 - Missoula 2 |
| TOP OF THE 7TH |
|
San Francisco (APP) Giants batting - Pitching for Missoula Osprey : RHP Victor Cisneros
|
|
Pitching: RHP Javier Rosales
|
|
|
Batting: SHB Cedric Sweep
|
0-0: Ball 1-0: Ball 2-0: Foul Ball, location: 2F 2-1: Ball 3-1: Swinging Strike 3-2: Base on Balls
|
|
Batting: RHB Rúbem Trancoso
|
0-0: Ground out 6-3 (Groundball, P, EV 88.8 MPH) Cedric Sweep to second
|
|
Batting: LHB Eddie Lemus
|
0-0: Called Strike 0-1: Foul Ball, location: 2F 0-2: Ball 1-2: Ball 2-2: Ball 3-2: Base on Balls
|
|
Batting: RHB Noe Oliva
|
0-0: Called Strike 0-1: Ball 1-1: Swinging Strike 1-2: Ball 2-2: Strikes out swinging
|
|
Batting: RHB Ricky Aguilar
|
0-0: Called Strike 0-1: Fly out, F9 (Flyball, 9S, EV 91.2 MPH)
|
| Top of the 7th over - 0 runs, 0 hits, 0 errors, 2 left on base; San Francisco (APP) 1 - Missoula 2 |
| BOTTOM OF THE 7TH |
|
Missoula Osprey batting - Pitching for San Francisco (APP) Giants : RHP Sam Green
|
|
Batting: RHB Mike Smith
|
0-0: Ball 1-0: Called Strike 1-1: Foul Ball, location: 2F 1-2: DOUBLE (Line Drive, 89XD, EV 101.2 MPH)
|
|
Batting: RHB Hector Tabares
|
0-0: Called Strike 0-1: Ball 1-1: Called Strike 1-2: Strikes out swinging
|
|
Batting: LHB Danny Salas
|
0-0: Ball 1-0: Called Strike Mike Smith steals 3rd base 1-1: Called Strike 1-2: SINGLE (Line Drive, 7S, EV 93.1 MPH) Mike Smith scores
|
|
Batting: LHB Ron Mills
|
0-0: Called Strike 0-1: Ball 1-1: Fielders Choice at 2nd, 1-4 (Groundball, 15, EV 60.0 MPH)
|
|
Batting: RHB Jimmy McIntosh
|
0-0: Ball 1-0: Ball 2-0: Ball 3-0: Swinging Strike 3-1: Base on Balls Ron Mills to second
|
|
Batting: RHB Claude Leduc
|
0-0: Ball 1-0: Swinging Strike 1-1: Called Strike 1-2: DOUBLE (Line Drive, 7LS, EV 101.9 MPH) Ron Mills scores Jimmy McIntosh to third
|
|
Batting: RHB Juan Mejia
|
0-0: Ball 1-0: Swinging Strike 1-1: 3-RUN HOME RUN (Flyball, 89XD, EV 101.2 MPH), Distance : 425 ft
|
|
Batting: RHB Jose Cuellar
|
0-0: Ball 1-0: Swinging Strike 1-1: Called Strike 1-2: Strikes out looking
|
| Bottom of the 7th over - 5 runs, 4 hits, 0 errors, 0 left on base; San Francisco (APP) 1 - Missoula 7 |
| TOP OF THE 8TH |
|
San Francisco (APP) Giants batting - Pitching for Missoula Osprey : RHP Javier Rosales
|
|
Batting: LHB Kuan Hsia
|
0-0: Ball 1-0: Called Strike 1-1: Ball 2-1: Called Strike 2-2: Foul Ball, location: 2F 2-2: SINGLE (Groundball, 34D, EV 105.6 MPH)
|
|
Batting: RHB Chris Kulik
|
0-0: Grounds into double play, 4-6-3 (Groundball, 4, EV 81.9 MPH)
|
|
Batting: RHB Azeem bin Zuhair
|
0-0: Ball 1-0: Ball 2-0: Called Strike 2-1: Foul Ball, location: 2F 2-2: Strikes out swinging, 2-3 out at first.
|
| Top of the 8th over - 0 runs, 1 hit, 0 errors, 0 left on base; San Francisco (APP) 1 - Missoula 7 |
| BOTTOM OF THE 8TH |
|
Missoula Osprey batting - Pitching for San Francisco (APP) Giants : RHP Sam Green
|
|
Batting: RHB Isaiah Hampton
|
0-0: Called Strike 0-1: SINGLE (Groundball, 6D, EV 102.5 MPH)
|
|
Batting: RHB Mike Smith
|
0-0: Called Strike 0-1: Ball 1-1: Swinging Strike 1-2: Strikes out swinging
|
|
Batting: RHB Hector Tabares
|
0-0: Ball Isaiah Hampton is caught stealing 2nd base 2-4 1-0: SINGLE (Line Drive, 9S, EV 91.2 MPH)
|
|
Pitching: LHP Diego Tellez
|
|
|
Batting: LHB Danny Salas
|
0-0: Called Strike 0-1: Called Strike 0-2: Ball 1-2: Ball 2-2: Strikes out swinging
|
| Bottom of the 8th over - 0 runs, 2 hits, 0 errors, 1 left on base; San Francisco (APP) 1 - Missoula 7 |
| TOP OF THE 9TH |
|
San Francisco (APP) Giants batting - Pitching for Missoula Osprey : RHP Javier Rosales
|
|
Batting: RHB Jonathan Hemsley
|
0-0: Called Strike 0-1: Ball 1-1: Foul Ball, location: 2F 1-2: Ball 2-2: Ball 3-2: Strikes out swinging, 2-3 out at first.
|
|
Batting: SHB Cedric Sweep
|
0-0: Swinging Strike 0-1: Called Strike 0-2: Foul Ball, location: 2F 0-2: Ball 1-2: Ground out 2-3 (Groundball, 2L, EV 73.1 MPH)
|
|
Batting: RHB Rúbem Trancoso
|
0-0: Called Strike 0-1: Ball 1-1: Ground out 5-3 (Groundball, 56, EV 100.6 MPH)
|
| Top of the 9th over - 0 runs, 0 hits, 0 errors, 0 left on base; San Francisco (APP) 1 - Missoula 7 |
|